 Dungeon Crawl Stone Soup version 0.22-a0-402-ga933591 (webtiles) character file.

58 Borgoz the Sneak (level 4, -10/27 HPs)
             Began as a Gargoyle Assassin on May 6, 2018.
             Splashed by Ijyb's acid (15 damage)
             ... on level 3 of the Dungeon.
             The game lasted 00:01:58 (2003 turns).

Borgoz the Sneak (Gargoyle Assassin)                Turns: 2003, Time: 00:02:02

Health: -10/27     AC:  2    Str: 15    XL:     4   Next: 1%
Magic:  4/4        EV: 12    Int: 11    God:
Gold:   92         SH:  0    Dex: 12    Spells: 3/3 levels left

rFire    . . .     SeeInvis .   a - +2 dagger
rCold    . . .     Gourm    .   (no shield)
rNeg     + . .     Faith    .   c - +0 robe
rPois    ∞         Spirit   .   (no helmet)
rElec    +         Reflect  .   d - +0 cloak
rCorr    .         Harm     .   (no gloves)
MR       .....                  (no boots)
Stlth    +++.......             (no amulet)
HPRegen  0.09/turn              (no ring)
MPRegen  0.09/turn              (no ring)

@: corroded
A: negative energy resistance 1, electricity resistance, unbreathing,
petrification resistance, rot immunity, AC +3
a: no special abilities


You were on level 3 of the Dungeon.
You were hungry.

You visited 1 branch of the dungeon, and saw 3 of its levels.

You collected 92 gold pieces.

Inventory:

Hand Weapons
 a - a +2 dagger (weapon)
 b - a +0 blowgun
Missiles
 e - 8 poisoned needles
 f - 2 curare-tipped needles
 j - a throwing net (quivered)
Armour
 c - a +0 robe (worn)
 d - a +0 cloak (worn)
Scrolls
 k - 2 scrolls of teleportation {unknown}
 o - a scroll of enchant weapon {unknown}
 p - a scroll of blinking {unknown}
 q - a scroll of identify {unknown}
Potions
 h - a potion of flight {unknown}
 i - a potion of might {unknown}
 l - a potion of agility {unknown}
 m - 2 potions of curing {unknown}
 n - a potion of heal wounds {unknown}
Comestibles
 g - 6 rations


   Skills:
 + Level 2.7 Fighting
 * Level 2.6 Short Blades
 - Level 1.7 Throwing
 + Level 1.1 Armour
 + Level 1.3 Dodging
 + Level 4.7 Stealth


You had 3 spell levels left.
You didn't know any spells.

Dungeon Overview and Level Annotations

Branches:
Dungeon (3/15)

Altars:

Annotations:
D:3 Ijyb


Innate Abilities, Weirdness & Mutations

You are resistant to torment.
Your stone body is resilient. (AC +3)
You are immune to poison.
You resist negative energy. (rN+)
You are resistant to electric shocks. (rElec)
You can survive without breathing.
You are immune to petrification.
You are immune to rotting.


Message History

There is a stone staircase leading up here.
Ijyb the Twisted Goblin comes into view.
She is wielding a club.
Ijyb is nearby!
Ijyb is nearby!
Ijyb shouts!
Ijyb barely misses you.
You closely miss Ijyb. Ijyb hits you with a club.
You hit Ijyb but do no damage. Ijyb misses you.
You hit Ijyb but do no damage. Ijyb hits you but does no damage.
You barely miss Ijyb. Ijyb hits you but does no damage.
You hit Ijyb.
Ijyb is lightly wounded.
You hit Ijyb but do no damage.
Ijyb is lightly wounded.
Ijyb zaps a wand.
The bolt of acid hits you!
Ouch! That really hurt!
* * * LOW HITPOINT WARNING * * *
The acid corrodes you!
You are splashed with acid!
The acid burns!
Ouch! That really hurt!
You die...

#########
.....)..#######..
#######.<.....$..
########..........
#.....g@.#######..
.......).......
###############


You could see Ijyb.

Vanquished Creatures
  An adder (D:2)
  2 worms (D:2)
  2 dart slugs
  A leopard gecko (D:2)
  3 bats
  2 giant cockroaches (D:1)
  5 goblins
  7 hobgoblins
  7 kobolds
  3 frilled lizards
  3 rats
36 creatures vanquished.

Notes
Turn   | Place    | Note
-------+----------+-------------------------------------------
     0 | D:1      | Borgoz the Gargoyle Assassin began the quest for the Orb.
     0 | D:1      | Reached XP level 1. HP: 12/12 MP: 1/1
   110 | D:1      | Reached XP level 2. HP: 18/18 MP: 2/2
   126 | D:1      | Reached skill level 1 in Dodging
   785 | D:1      | Reached XP level 3. HP: 16/22 MP: 3/3
  1294 | D:2      | Reached skill level 1 in Armour
  1894 | D:2      | Reached XP level 4. HP: 23/27 MP: 4/4
  1994 | D:3      | Noticed Ijyb
  2003 | D:3      | Splashed by Ijyb's acid

Vault maps used:
D:1:      sevenhm_arrival_forest_fort_small_3
D:2:      minmay_kobold_bridge, first_ration
D:3:      gammafunk_wand_slinger, minivault_11, uniq_ijyb, uniq_natasha

Skill      XL: |  1  2  3 |
---------------+----------+-----
Short Blades   | 2 |  2.6
Dodging        | 1 |  1.3
Armour         | 1 |  1.1
Fighting       | |  2.7
Throwing       | |  1.7
Stealth        | |  4.7

Action                   |  1- 3 |  4- 6 || total
-------------------------+-------+-------++-------
Melee: Dagger            |   173 |     6 ||   179
 Stab: Sleeping          |     5 |       ||     5
  Eat: Chunk             |     3 |       ||     3
Armor: Robe              |    43 |     1 ||    44
Dodge: Dodged            |    96 |     2 ||    98

Table legend:
 A = Spawn XP
 B = Non-spawn XP
 C = Spawn XP percentage of total XP
 D = Spawn monster count
 E = Non-spawn monster count
 F = Spawn count percentage of total count
 G = Total turns spent on level
                    A         B        C        D         E        F      G
               +---------+---------+-------+---------+---------+-------+---------
         Total |       0 |      83 |   0.0 |       0 |      36 |   0.0 |  2003
               +---------+---------+-------+---------+---------+-------+---------
           D:1 |       0 |      34 |   0.0 |       0 |      18 |   0.0 |   988
           D:2 |       0 |      49 |   0.0 |       0 |      18 |   0.0 |  1002
               +---------+---------+-------+---------+---------+-------+---------
